[Event "Titled Tuesday Blitz October 18 Late 2022"]
[White "Abdrlauf, Elham"]
[Black "Jaracz, Pawel"]
[WhiteFideId "1533533"]
[BlackFideId "1102222"]
[WhiteElo "2434"]
[BlackElo "2459"]
[Result "0-1"]
[Round "03"]
[TimeControl "180+1"]
[Date "2022.10.18"]
[WhiteClock "0:00:02"]
[BlackClock "0:00:05"]

1. e4 c5 2. Nf3 e6 3. c3 Nf6 4. e5 Nd5 5. Bc4 d6 6. d4 cxd4 7. cxd4 Nb6 8. Bb5+ Bd7 9. Bd3 Bc6 10. O-O N8d7 11. exd6 Bxd6 12. Nc3 O-O 13. Ne4 Be7 14. Re1 Nd5 15. Bg5 h6 16. Bxe7 Nxe7 17. Qd2 Nf5 18. Rad1 Qb6 19. Bb1 Rad8 20. b3 a5 21. Qf4 Bxe4 22. Bxe4 Nd6 23. Bd3 Nf6 24. Ne5 Nb5 25. Nf3 Rd7 26. Rd2 Rfd8 27. Red1 Nc3 28. Re1 Ncd5 29. Qg3 Nb4 30. Bb1 Nc6 31. Red1 Qb4 32. Qf4 Qd6 33. Qe3 Qb4 34. h3 Rd6 35. Rd3 Ne7 36. Ne5 Nf5 37. Qc1 Nxd4 38. Qb2 Qc5 39. Nc4 R6d7 40. a3 b6 41. Qc3 e5 42. Qb2 Qc7 43. Ne3 Nd5 44. Nxd5 Rxd5 45. b4 axb4 46. axb4 Qd7 47. Qa2 Rd6 48. Qd2 e4 0-1


[Site "https://www.chess.com"]

[Event "Titled Tuesday Blitz October 18 Late 2022"]
[White "Adewumi, Tanitoluwa"]
[Black "Mahdavi, Reza"]
[WhiteFideId "30966396"]
[BlackFideId "12595926"]
[WhiteElo "2543"]
[BlackElo "2240"]
[Result "0-1"]
[Round "03"]
[TimeControl "180+1"]
[Date "2022.10.18"]
[WhiteClock "0:00:56"]
[BlackClock "0:02:09"]

1. Nf3 Nf6 2. d4 g6 3. Nc3 d5 4. Bg5 Bg7 5. Bxf6 Bxf6 6. e4 c6 7. e5 Bg7 8. h4 h5 9. Bd3 Bg4 10. Ne2 Bxf3 11. gxf3 e6 12. Nf4 Qe7 13. c3 Bh6 14. Ng2 Nd7 15. b4 a5 16. b5 Kf8 17. bxc6 bxc6 18. Rb1 Kg7 19. Rg1 Rhb8 20. f4 Qa3 21. Rc1 c5 22. Ne3 Bxf4 23. Rc2 cxd4 24. Qxh5 Nxe5 0-1


[Site "https://www.chess.com"]

[Event "Titled Tuesday Blitz October 18 Late 2022"]
[White "Aggelis, Nikolaos"]
[Black "Yano, William Jorge Froes"]
[WhiteFideId "4213220"]
[BlackFideId "2112949"]
[WhiteElo "2187"]
[BlackElo "2122"]
[Result "1-0"]
[Round "03"]
[TimeControl "180+1"]
[Date "2022.10.19"]
[WhiteClock "0:00:12"]
[BlackClock "0:00:08"]

1. e4 e6 2. d4 d5 3. Nd2 h6 4. Bd3 Nf6 5. Ne2 c5 6. c3 Nc6 7. O-O Be7 8. Re1 a6 9. exd5 Nxd5 10. Nf3 Qb6 11. Qb3 Qxb3 12. axb3 cxd4 13. Nexd4 Bd7 14. Nxc6 Bxc6 15. Ne5 Rc8 16. Nxc6 Rxc6 17. b4 O-O 18. b5 axb5 19. Bxb5 Rcc8 20. Ra7 Bc5 21. Rxb7 Rb8 22. Rxb8 Rxb8 23. Bc4 Nb6 24. Bd3 Na4 25. b4 Be7 26. Bd2 Nb2 27. Bf1 Rc8 28. Rc1 Nc4 29. Be1 e5 30. b5 e4 31. Rb1 Nb6 32. Ra1 Bc5 33. c4 f5 34. Be2 Bd4 35. Rc1 Bc5 36. Kf1 g5 37. Bc3 Kf7 38. Ra1 Ke6 39. Ra7 Bd6 40. Rh7 Nxc4 41. Rxh6+ Kd5 42. Rh5 Na3 43. Bd2 Nc2 44. Rxg5 Ke6 45. Rg6+ Ke5 46. h4 Nd4 47. Bd1 Nxb5 48. h5 Be7 49. h6 Rd8 50. Ke1 Bf6 51. h7 Nd4 52. Rg8 Rd7 53. h8=Q Bxh8 54. Rxh8 f4 55. Re8+ Kd5 56. Rf8 Rc7 57. Rxf4 Kc4 58. Rxe4 Kd3 59. Be2+ Nxe2 60. Re3+ Kc2 61. Kxe2 Kb1 62. f3 Kc2 63. g4 Rf7 64. Re4 Kb3 65. Ke3 Kc2 66. f4 Rd7 67. Rd4 Re7+ 68. Kf3 Kd1 69. f5 Rf7 70. Rd6 Kc2 71. f6 Kb3 72. g5 Kc4 73. g6 Rf8 74. g7 Rf7 75. g8=Q Kc5 76. Qxf7 Kxd6 77. Qe7+ 1-0


[Site "https://www.chess.com"]

[Event "Titled Tuesday Blitz October 18 Late 2022"]
[White "Al-Tarboush, Ward"]
[Black "Romero Ruscalleda, Josep"]
[WhiteFideId "7601450"]
[BlackFideId "2231859"]
[WhiteElo "2269"]
[BlackElo "2309"]
[Result "1-0"]
[Round "03"]
[TimeControl "180+1"]
[Date "2022.10.19"]
[WhiteClock "0:00:35"]
[BlackClock "0:00:06"]

1. e4 g6 2. d4 Bg7 3. Nc3 d6 4. Be3 a6 5. f3 b5 6. h4 h5 7. Nge2 Nd7 8. Qd2 Bb7 9. Nf4 Rc8 10. Bd3 c5 11. d5 Ne5 12. Be2 Qa5 13. O-O Nf6 14. a3 O-O 15. Nd1 Qxd2 16. Bxd2 c4 17. Bc3 Nfd7 18. Ne3 Nc5 19. Rfd1 Na4 20. Bd4 Nd7 21. Rab1 c3 22. Bxg7 Kxg7 23. b3 Nac5 24. Nd3 Rc7 25. g3 Nxd3 26. Rxd3 a5 27. b4 a4 28. Nd1 Rfc8 29. Nf2 Ne5 30. Re3 Ba6 31. Rd1 f5 32. f4 Nc4 33. Bxc4 Rxc4 34. exf5 R8c7 35. fxg6 Kxg6 36. Re6+ Kf7 37. Ne4 Bc8 38. Ng5+ Kg7 39. Re3 Bg4 40. Rde1 Kf8 41. Rd3 Kg7 42. Kf2 Kf6 43. Ne4+ Kf5 44. Ng5 Kf6 45. Ne6 Rd7 46. Nd4 Bf5 47. Nxf5 Kxf5 48. Re6 Rdc7 49. Kf3 1-0


[Site "https://www.chess.com"]

[Event "Titled Tuesday Blitz October 18 Late 2022"]
[White "Aldokhin, Ivan"]
[Black "D`Arruda, Ricardo D."]
[WhiteFideId "24115720"]
[BlackFideId "100692"]
[WhiteElo "2313"]
[BlackElo "2401"]
[Result "1-0"]
[Round "03"]
[TimeControl "180+1"]
[Date "2022.10.19"]
[WhiteClock "0:00:04"]
[BlackClock "0:00:23"]

1. e4 c5 2. Nf3 Nc6 3. d4 cxd4 4. Nxd4 e5 5. Nxc6 bxc6 6. c4 Nf6 7. Bd3 Bc5 8. O-O O-O 9. Nd2 d6 10. Nb3 Bb6 11. c5 dxc5 12. Qc2 Be6 13. Be3 Nd7 14. Bc4 Qe7 15. Rfd1 Rfd8 16. a4 a5 17. h3 h6 18. Bxe6 Qxe6 19. Nxc5 Nxc5 20. Bxc5 Bxc5 21. Qxc5 Rxd1+ 22. Rxd1 Qb3 23. Rd7 Qxa4 24. Qxe5 Qc2 25. Qd4 a4 26. e5 Qb3 27. Re7 Rb8 28. e6 Qxb2 29. exf7+ Kf8 30. Qd6 Qb4 31. Re8+ Kxf7 32. Qe6# 1-0


[Site "https://www.chess.com"]

[Event "Titled Tuesday Blitz October 18 Late 2022"]
[White "Aqib Javaid Butt"]
[Black "Jean Louis, Marckens"]
[WhiteFideId "7801262"]
[BlackFideId "11900270"]
[WhiteElo "1659"]
[BlackElo "2030"]
[Result "0-1"]
[Round "03"]
[TimeControl "180+1"]
[Date "2022.10.19"]
[WhiteClock "0:00:13"]
[BlackClock "0:00:14"]

1. d4 d5 2. Nf3 Nf6 3. c4 e6 4. Nc3 Be7 5. Bf4 c5 6. e3 O-O 7. Be2 Nc6 8. h3 dxc4 9. Bxc4 cxd4 10. exd4 a6 11. a3 b5 12. Ba2 Bb7 13. d5 exd5 14. Nxd5 Nxd5 15. Qxd5 Bf6 16. Qxd8 Raxd8 17. Rb1 Rfe8+ 18. Kf1 Bxb2 19. Ng5 Rf8 20. a4 Na5 21. Ke2 Bf6 22. Bxf7+ Rxf7 23. Nxf7 Kxf7 24. axb5 axb5 25. Rxb5 Ba6 26. Rb1 Rd5 0-1


[Site "https://www.chess.com"]

[Event "Titled Tuesday Blitz October 18 Late 2022"]
[White "Araujo, Everson De Moura"]
[Black "Kouskoutis, Georgios-Alexandros"]
[WhiteFideId "22737197"]
[BlackFideId "4234049"]
[WhiteElo "1995"]
[BlackElo "2187"]
[Result "0-1"]
[Round "03"]
[TimeControl "180+1"]
[Date "2022.10.19"]
[WhiteClock "0:00:14"]
[BlackClock "0:00:01"]

1. Nf3 d5 2. b3 f6 3. d4 Bg4 4. Bb2 e6 5. Nbd2 c5 6. e3 Nc6 7. Be2 cxd4 8. exd4 Bd6 9. h3 Bh5 10. O-O Nge7 11. c4 Qd7 12. cxd5 Nxd5 13. Ne4 O-O 14. Nfd2 Bxe2 15. Qxe2 Rae8 16. Nxd6 Qxd6 17. Ne4 Qf4 18. Rad1 f5 19. Nc5 Rf6 20. Nxb7 Qh4 21. Qf3 g5 22. Bc1 Nxd4 23. Qd3 Nc6 24. Rfe1 g4 25. Qg3 Qxg3 26. fxg3 Rb8 27. Nc5 Kf7 28. Bb2 Rg6 29. Nd7 Rd8 30. Nc5 gxh3 31. gxh3 Rxg3+ 32. Kf2 Rdg8 33. Ba1 Rg2+ 34. Kf1 Rxa2 35. Nxe6 Nce7 36. Nd4 Rgg2 37. Nf3 Raf2# 0-1


[Site "https://www.chess.com"]

[Event "Titled Tuesday Blitz October 18 Late 2022"]
[White "Arnold, Ken"]
[Black "Sernecki, Franciszek"]
[WhiteFideId "2056836"]
[BlackFideId "1169297"]
[WhiteElo "2349"]
[BlackElo "2209"]
[Result "0-1"]
[Round "03"]
[TimeControl "180+1"]
[Date "2022.10.19"]
[WhiteClock "0:00:37"]
[BlackClock "0:01:19"]

1. d4 d5 2. c4 Nc6 3. cxd5 Qxd5 4. Nf3 e5 5. e3 exd4 6. exd4 Nf6 7. Nc3 Bb4 8. Bd2 Bxc3 9. Bxc3 O-O 10. Be2 Re8 11. O-O Bg4 12. h3 Bh5 13. Re1 Rad8 14. Qb3 Qxb3 15. axb3 a6 16. b4 Bxf3 17. Bxf3 Rxe1+ 18. Rxe1 Kf8 19. Ra1 Nd5 20. Kf1 Nce7 21. b5 axb5 22. Ra7 Rb8 23. Bd2 c6 24. Be4 h6 25. f3 Ke8 26. Be1 f5 27. Bd3 g5 28. h4 Kd7 29. hxg5 hxg5 30. Bd2 f4 31. g3 Nc8 32. Ra1 Nd6 33. Kg2 Rh8 34. Re1 Ra8 35. Re5 Ra2 36. Bc1 Nf7 37. Bf5+ Kd8 38. Re6 Ne7 39. Bg4 Ra4 40. gxf4 gxf4 41. Bxf4 Rxd4 42. Be3 Rd6 43. Bb6+ Ke8 44. Rxe7+ Kxe7 45. Bc5 Kf6 46. Bxd6 Nxd6 47. Kf2 Ke5 48. b3 Kf4 49. b4 Nf5 50. Ke2 Nd4+ 51. Kd3 Nxf3 52. Bc8 Ne5+ 53. Kd4 b6 54. Be6 Nf3+ 55. Kc3 Ke5 56. Bd7 Kd6 57. Be8 Ne5 58. Kd4 Nd7 59. Bh5 c5+ 60. Kc3 Nf6 61. Bf3 Nd5+ 0-1


[Site "https://www.chess.com"]

[Event "Titled Tuesday Blitz October 18 Late 2022"]
[White "Bach, Matthias"]
[Black "Marin Masis, Jose Esteban"]
[WhiteFideId "4603168"]
[BlackFideId "6508146"]
[WhiteElo "2165"]
[BlackElo "1838"]
[Result "1-0"]
[Round "03"]
[TimeControl "180+1"]
[Date "2022.10.19"]
[WhiteClock "0:01:55"]
[BlackClock "0:01:14"]

1. d4 Nf6 2. c4 e6 3. Nc3 Bb4 4. Bg5 O-O 5. e3 h6 6. Bh4 b6 7. Nf3 Bb7 8. Bd3 d6 9. O-O Bxc3 10. bxc3 Nbd7 11. Nd2 c5 12. f4 Qc7 13. f5 e5 14. d5 Rae8 15. Ne4 Nxe4 16. Bxe4 Ba6 17. f6 g5 18. Bg3 Qd8 19. Qf3 Bxc4 20. Qf5 Nxf6 21. Qxf6 Bxf1 22. Rxf1 Qxf6 23. Rxf6 Rd8 24. Rxh6 f5 25. Bc2 Kg7 26. Re6 f4 27. Bf2 Rfe8 28. Rg6+ Kf7 29. Rxg5 Rg8 30. Rf5+ Ke7 31. Bh4+ Kd7 32. Bxd8 1-0


[Site "https://www.chess.com"]

[Event "Titled Tuesday Blitz October 18 Late 2022"]
[White "Baskakov, Egor"]
[Black "Fedoseev, Vladimir"]
[WhiteFideId "24197866"]
[BlackFideId "24130737"]
[WhiteElo "2211"]
[BlackElo "2726"]
[Result "0-1"]
[Round "03"]
[TimeControl "180+1"]
[Date "2022.10.18"]
[WhiteClock "0:01:32"]
[BlackClock "0:01:05"]

1. e4 c6 2. d4 d5 3. e5 c5 4. c4 e6 5. Nf3 Nc6 6. Nc3 dxc4 7. d5 exd5 8. Nxd5 Be6 9. Bxc4 b5 10. Bxb5 Qxd5 11. Qa4 Bd7 12. O-O Nd4 13. Nxd4 cxd4 14. Bxd7+ Qxd7 15. Qc4 Rc8 16. Qd3 Bc5 17. Qg3 Ne7 18. Qxg7 Rg8 19. Qxh7 Rc6 20. Qe4 Rg4 21. Qd3 Ng6 22. Re1 Nh4 23. g3 Qd5 0-1


[Site "https://www.chess.com"]

[Event "Titled Tuesday Blitz October 18 Late 2022"]
[White "Besedes, Danilo"]
[Black "Bispo, Leonardo"]
[WhiteFideId "946796"]
[BlackFideId "2107899"]
[WhiteElo "2352"]
[BlackElo "2253"]
[Result "1-0"]
[Round "03"]
[TimeControl "180+1"]
[Date "2022.10.19"]
[WhiteClock "0:01:01"]
[BlackClock "0:01:57"]

1. d4 Nf6 2. Bf4 g6 3. e3 Bg7 4. Nd2 d5 5. h3 c5 6. c3 O-O 7. Ngf3 b6 8. Be2 Bb7 9. O-O Nc6 10. a4 Nd7 11. Bg5 h6 12. Bh4 g5 13. Bg3 f5 14. Bd3 e5 15. dxe5 Ndxe5 16. Nxe5 Nxe5 17. Bxe5 Bxe5 18. Qh5 Qf6 19. f4 gxf4 20. exf4 Bc7 21. Rf3 Kh8 22. Re1 d4 23. Rg3 Bxf4 24. Rg6 Bxd2 25. Rxf6 Rxf6 26. Re8+ Rf8 27. Re7 Be3+ 28. Kf1 Be4 29. Qg6 Bxd3+ 30. Ke1 f4 31. Qg7# 1-0


[Site "https://www.chess.com"]

[Event "Titled Tuesday Blitz October 18 Late 2022"]
[White "Bilych, Olexiy"]
[Black "De La Colina, Nicolas"]
[WhiteFideId "14156504"]
[BlackFideId "30946921"]
[WhiteElo "2320"]
[BlackElo "2046"]
[Result "1-0"]
[Round "03"]
[TimeControl "180+1"]
[Date "2022.10.18"]
[WhiteClock "0:00:08"]
[BlackClock "0:00:02"]

1. e4 c5 2. Nf3 Nc6 3. d4 cxd4 4. Nxd4 Nf6 5. Nc3 d6 6. Bg5 Bd7 7. Qd2 h6 8. Bxf6 gxf6 9. Nf5 Qa5 10. Ne3 h5 11. f4 Rc8 12. O-O-O a6 13. Kb1 Qc5 14. Na4 Qa5 15. Qxa5 Nxa5 16. Nb6 Rd8 17. Ned5 Bh6 18. g3 Bg4 19. Re1 Nc6 20. Be2 Bg7 21. h3 Bxe2 22. Rxe2 e6 23. Ne3 Bf8 24. c3 Be7 25. b4 Rb8 26. a4 Bd8 27. Nbc4 Bc7 28. b5 axb5 29. axb5 Ne7 30. b6 Bd8 31. Rd1 Kf8 32. Rxd6 Kg7 33. Rd7 Nc8 34. f5 Nxb6 35. Nxb6 Bxb6 36. fxe6 Rhf8 37. Nf5+ Kg6 38. e7 Rfe8 39. Nd6 Rg8 40. e8=Q Rgxe8 41. Nxe8 Rxe8 42. Rxb7 Bg1 43. Kc2 Bc5 44. Rb5 Bd6 45. g4 hxg4 46. hxg4 Be5 47. c4 Rc8 48. c5 Rd8 49. Rd2 Ra8 50. Kd3 Kg5 51. c6 Ra3+ 52. Kc4 Rc3+ 53. Kd5 Kxg4 54. Rc5 Ra3 55. c7 1-0


[Site "https://www.chess.com"]

[Event "Titled Tuesday Blitz October 18 Late 2022"]
[White "Bochnicka, Vladimir"]
[Black "Hemam, Moulaye Brahim"]
[WhiteFideId "14943450"]
[BlackFideId "19600054"]
[WhiteElo "2239"]
[BlackElo "2088"]
[Result "1-0"]
[Round "03"]
[TimeControl "180+1"]
[Date "2022.10.19"]
[WhiteClock "0:01:50"]
[BlackClock "0:00:50"]

1. e4 d6 2. d4 Nf6 3. Nc3 g6 4. Be3 Bg7 5. f3 O-O 6. Qd2 e5 7. d5 c6 8. O-O-O cxd5 9. exd5 Qa5 10. Bh6 Nbd7 11. h4 Nb6 12. Kb1 Na4 13. Nxa4 Qxa4 14. h5 Bf5 15. Bxg7 Kxg7 16. g4 Bd7 17. hxg6 fxg6 18. Qh6+ Kf7 19. g5 Ng8 20. Qxh7+ Ke8 21. Qxg6+ Kd8 22. Qxd6 Re8 23. Rh7 Ne7 24. Bh3 Rc8 25. Qxd7+ Qxd7 26. Bxd7 Kxd7 27. d6 1-0


[Site "https://www.chess.com"]

[Event "Titled Tuesday Blitz October 18 Late 2022"]
[White "Bok, Benjamin"]
[Black "Vivekananthan, Anish"]
[WhiteFideId "1017063"]
[BlackFideId "2090775"]
[WhiteElo "2658"]
[BlackElo "2736"]
[Result "1-0"]
[Round "03"]
[TimeControl "180+1"]
[Date "2022.10.18"]
[WhiteClock "0:01:12"]
[BlackClock "0:00:31"]

1. d4 Nf6 2. c4 e6 3. Nc3 Bb4 4. Qc2 d5 5. a3 Bxc3+ 6. Qxc3 O-O 7. Bg5 dxc4 8. Qxc4 b6 9. Rd1 Bb7 10. f3 Nbd7 11. e4 h6 12. Bh4 Qc8 13. Ne2 c5 14. Nc3 Re8 15. Be2 a6 16. O-O b5 17. Qd3 cxd4 18. Qxd4 Qc5 19. Qxc5 Nxc5 20. Rd6 Rac8 21. Rfd1 Nh5 22. Bf2 Nf4 23. Bf1 Nb3 24. Rb6 Rc7 25. a4 bxa4 26. Nxa4 Nc1 27. Nc5 Nce2+ 28. Bxe2 Nxe2+ 29. Kf1 1-0


[Site "https://www.chess.com"]

[Event "Titled Tuesday Blitz October 18 Late 2022"]
[White "Bongo Akanga Ndjila, Barthelemy"]
[Black "Rosenberg, Evan S"]
[WhiteFideId "10609431"]
[BlackFideId "2019299"]
[WhiteElo "1768"]
[BlackElo "2362"]
[Result "0-1"]
[Round "03"]
[TimeControl "180+1"]
[Date "2022.10.19"]
[WhiteClock "0:00:38"]
[BlackClock "0:00:26"]

1. d4 Nf6 2. c4 c5 3. d5 e5 4. Nc3 d6 5. e4 Be7 6. Be2 h5 7. Nf3 h4 8. h3 Na6 9. Be3 Nc7 10. a4 Na6 11. a5 Nb4 12. Nd2 Bd7 13. O-O Qc8 14. Kh2 Nh7 15. f4 exf4 16. Bxf4 g5 17. Be3 g4 18. Bxg4 Bxg4 19. Qxg4 Qxg4 20. hxg4 Nc2 21. Bf4 Nxa1 22. Rxa1 Bg5 23. Bxd6 Bxd2 24. Bxc5 Bxc3 25. bxc3 Nf6 26. e5 Nxg4+ 27. Kh3 Nxe5 28. Re1 f6 29. Bd4 Kd7 30. a6 b6 31. c5 bxc5 32. Bxc5 Rag8 33. Bxa7 Rg3+ 34. Kh2 Rhg8 35. Re2 Ng4+ 36. Kg1 Rxc3 37. Re1 Ne5 38. Bd4 Nf3+ 39. Kf2 Nxe1 40. Bxc3 Nxg2 41. a7 Nf4 42. Bxf6 h3 43. Be5 Nxd5 44. Bb8 Nb6 45. Ke3 Kc6 46. Kd4 Kb7 47. Kc5 Nc8 48. Kd4 Nxa7 0-1


[Site "https://www.chess.com"]

[Event "Titled Tuesday Blitz October 18 Late 2022"]
[White "Bortnyk, Mykola"]
[Black "Papasimakopoulos, Alexandros"]
[WhiteFideId "14120836"]
[BlackFideId "4244125"]
[WhiteElo "2582"]
[BlackElo "2357"]
[Result "1-0"]
[Round "03"]
[TimeControl "180+1"]
[Date "2022.10.18"]
[WhiteClock "0:01:05"]
[BlackClock "0:00:06"]

1. e4 e6 2. d4 d5 3. Nc3 Bb4 4. exd5 exd5 5. Bd3 Nc6 6. Be3 Nge7 7. Qf3 Bxc3+ 8. bxc3 Be6 9. Rb1 b6 10. Ne2 Qd7 11. Nf4 O-O 12. h3 Bf5 13. Nxd5 Qxd5 14. Qxd5 Nxd5 15. Bxf5 Nxc3 16. Rb3 Nd5 17. Be4 Rad8 18. O-O Rfe8 19. Bxd5 Rxd5 20. c4 Rd7 21. d5 Na5 22. Rc3 Re4 23. c5 h6 24. Rd1 Nc4 25. Rd4 Rxd4 26. Bxd4 Na5 27. d6 bxc5 28. Rxc5 Rxd6 29. Be5 Ra6 30. Rxc7 Nc6 31. Bc3 f6 32. f4 h5 33. a4 Kf8 34. Kf2 Kg8 35. Kg3 Kf8 36. Kh4 Nd8 37. Bb4+ Kg8 38. Rc8 Rxa4 39. Rxd8+ Kh7 40. Rd4 Kg6 41. Kg3 Kf5 42. Kf3 h4 43. Rd5+ Kg6 44. f5+ Kg5 45. Bd2+ Kh5 46. Rd8 Ra3+ 47. Be3 Rxe3+ 48. Kxe3 Kg5 49. Rd7 Kxf5 50. Rxg7 a5 51. Rg4 a4 52. Rxh4 a3 53. Ra4 Kg5 54. Rxa3 Kh4 55. Kf3 f5 56. Kf4 Kh5 57. Ra6 Kh4 58. Rh6# 1-0


[Site "https://www.chess.com"]

[Event "Titled Tuesday Blitz October 18 Late 2022"]
[White "Burke, Paul"]
[Black "Sibilio, Mario"]
[WhiteFideId "2605767"]
[BlackFideId "800422"]
[WhiteElo "1875"]
[BlackElo "2296"]
[Result "1/2-1/2"]
[Round "03"]
[TimeControl "180+1"]
[Date "2022.10.19"]
[WhiteClock "0:01:21"]
[BlackClock "0:00:36"]

1. e4 c5 2. d4 cxd4 3. c3 d3 4. Bxd3 Nc6 5. Nf3 g6 6. Bc4 Bg7 7. Bg5 d6 8. Qb3 Nh6 9. Bxh6 Bxh6 10. Bxf7+ Kf8 11. Bd5 Na5 12. Qc2 e6 13. Bb3 Kg7 14. Nbd2 Rf8 15. O-O e5 16. Rad1 Bg4 17. h3 Bxf3 18. Nxf3 Rxf3 19. gxf3 Qh4 20. Kg2 Qg5+ 21. Kh2 Qf4+ 22. Kg2 Qg5+ 23. Kh2 Qf4+ 24. Kg2 Qg5+ 1/2-1/2


[Site "https://www.chess.com"]

[Event "Titled Tuesday Blitz October 18 Late 2022"]
[White "Celestino, Rafael Teixeira"]
[Black "Yi, Richard"]
[WhiteFideId "2108925"]
[BlackFideId "2079518"]
[WhiteElo "2362"]
[BlackElo "2147"]
[Result "0-1"]
[Round "03"]
[TimeControl "180+1"]
[Date "2022.10.19"]
[WhiteClock "0:00:10"]
[BlackClock "0:00:11"]

1. e4 e6 2. d4 d5 3. Bd3 dxe4 4. Bxe4 Nf6 5. Bf3 c5 6. Ne2 Nc6 7. Be3 Nd5 8. Bxd5 Qxd5 9. dxc5 Qxg2 10. Rg1 Qxh2 11. Nbc3 Qb8 12. Ne4 Qe5 13. Qd3 Bd7 14. Bf4 Qxb2 15. Rd1 Be7 16. N2c3 O-O-O 17. Nb5 e5 18. Bh2 Nd4 19. Nbd6+ Bxd6 20. Nxd6+ Kb8 21. Bxe5 Nxc2+ 22. Kf1 Qxe5 23. Qxc2 Bh3+ 24. Rg2 Bxg2+ 25. Kxg2 Qg5+ 26. Kf1 Qf6 27. Qb3 Rd7 28. Rb1 b6 29. Ne4 Qe6 30. Qg3+ Ka8 31. Qf3 Qc4+ 32. Kg1 Qd5 33. Ng5 Qxf3 34. Nxf3 bxc5 35. Ne5 Rc7 36. Nc4 Re8 37. Rb5 Rd8 38. Kg2 a6 39. Ra5 Ka7 40. Ne5 Rd5 41. Nf3 Rf5 42. Ra3 c4 43. Nh4 Rg5+ 44. Kf3 c3 45. Kf4 Rgc5 46. Rxc3 Rc4+ 47. Rxc4 Rxc4+ 48. Kg3 Rc2 49. Nf5 g6 50. Nd6 f5 51. Nf7 Rxa2 52. Ng5 Ra3+ 53. f3 h6 54. Nf7 Rb3 55. Nxh6 a5 56. Nf7 a4 57. Ne5 g5 58. Nc6+ Kb6 59. Nd4 Rb4 60. Nxf5 a3 61. Ne3 a2 62. Nd5+ Kc5 63. Nxb4 Kxb4 64. Kg4 a1=Q 65. Kxg5 Qe5+ 66. Kg4 Qf6 67. f4 Kc5 68. f5 Kd4 69. Kf4 Kd5 70. Kg4 Ke5 71. Kh5 Qxf5+ 72. Kh6 Qg4 73. Kh7 Kf6 74. Kh8 Kf7 75. Kh7 Qg7# 0-1


[Site "https://www.chess.com"]

[Event "Titled Tuesday Blitz October 18 Late 2022"]
[White "Coelho, Ramyres Santana"]
[Black "Aguilar, Juan"]
[WhiteFideId "2120690"]
[BlackFideId "3800091"]
[WhiteElo "1888"]
[BlackElo "2442"]
[Result "0-1"]
[Round "03"]
[TimeControl "180+1"]
[Date "2022.10.19"]
[WhiteClock "0:00:52"]
[BlackClock "0:01:54"]

1. e4 c5 2. Nf3 d6 3. d4 cxd4 4. Nxd4 Nf6 5. Nc3 a6 6. f3 e5 7. Nb3 Be6 8. Be3 Be7 9. Qd2 O-O 10. O-O-O Nbd7 11. g4 b5 12. g5 Nh5 13. Nd5 Bxd5 14. exd5 f5 15. gxf6 Bxf6 16. Bh3 Nf4 17. Bxf4 exf4 18. Be6+ Kh8 19. Kb1 Ne5 20. Qxf4 Nc4 21. Qg3 Bxb2 22. Nd4 Qf6 23. Qf2 Bc3 24. Rd3 b4 25. Rg1 Qf4 26. Qg3 Na3# 0-1


[Site "https://www.chess.com"]

[Event "Titled Tuesday Blitz October 18 Late 2022"]
[White "Cruz, William Ferreira Da"]
[Black "Urbina Perez, Juan Antonio"]
[WhiteFideId "2118050"]
[BlackFideId "2217368"]
[WhiteElo "2223"]
[BlackElo "2197"]
[Result "0-1"]
[Round "03"]
[TimeControl "180+1"]
[Date "2022.10.19"]
[WhiteClock "0:00:05"]
[BlackClock "0:00:20"]

1. d4 Nf6 2. c4 e6 3. Nc3 Bb4 4. Nf3 O-O 5. Bg5 b6 6. Nd2 h6 7. Bh4 d6 8. Qc2 Nc6 9. e3 e5 10. a3 Bxc3 11. bxc3 Ba6 12. Bd3 Na5 13. O-O Re8 14. f4 exd4 15. exd4 d5 16. cxd5 Bxd3 17. Qxd3 Qxd5 18. Bxf6 gxf6 19. Rf3 c5 20. Rg3+ Kh8 21. Rh3 Kg7 22. Qg3+ Kf8 23. Rxh6 cxd4 24. Rh8+ Ke7 25. Re1+ Kd7 26. Qh3+ f5 27. Rhxe8 Rxe8 28. Rxe8 Kxe8 29. Qd3 Nc6 30. Nf3 Qe4 31. Qxe4+ fxe4 32. Nxd4 Nxd4 33. cxd4 a5 34. Kf2 b5 35. Ke3 b4 36. axb4 a4 37. b5 a3 38. b6 Kd7 39. d5 a2 40. b7 Kc7 41. d6+ Kxb7 42. d7 Kc7 0-1


[Site "https://www.chess.com"]

[Event "Titled Tuesday Blitz October 18 Late 2022"]
[White "Curtis, John"]
[Black "Moaataz, Ayah"]
[WhiteFideId "3200256"]
[BlackFideId "10615873"]
[WhiteElo "2203"]
[BlackElo "1993"]
[Result "1-0"]
[Round "03"]
[TimeControl "180+1"]
[Date "2022.10.19"]
[WhiteClock "0:00:52"]
[BlackClock "0:01:26"]

1. e4 c6 2. d4 d5 3. Nc3 dxe4 4. Nxe4 Nf6 5. Nxf6+ exf6 6. Bc4 Bd6 7. Qe2+ Qe7 8. Qxe7+ Kxe7 9. Ne2 Re8 10. Bf4 Be6 11. Bxd6+ Kxd6 12. Bxe6 Rxe6 13. Kd2 Nd7 14. c3 f5 15. Nf4 Re4 16. g3 g5 17. Nd3 Nb6 18. b3 Rae8 19. Rae1 Nd7 20. f3 Rxe1 21. Nxe1 g4 22. fxg4 fxg4 23. Rf1 Ke6 24. Nd3 f5 25. Re1+ Kf7 26. Rxe8 Kxe8 27. Ke3 Ke7 28. c4 a5 29. Nf4 Nf6 30. a3 Kd6 31. b4 axb4 32. axb4 Ne4 33. c5+ Ke7 34. d5 cxd5 35. Kd4 Nd2 36. b5 Nf3+ 37. Kxd5 Nxh2 38. Ke5 Nf1 39. Nd5+ Kd7 40. Kf4 Ke6 41. c6 bxc6 42. b6 Kd7 43. b7 Nxg3 44. Kxg3 cxd5 45. b8=Q 1-0


[Site "https://www.chess.com"]

[Event "Titled Tuesday Blitz October 18 Late 2022"]
[White "Czernek, Tymon"]
[Black "Banzea, Alexandru-Bogdan"]
[WhiteFideId "1199510"]
[BlackFideId "1232622"]
[WhiteElo "2240"]
[BlackElo "2294"]
[Result "1-0"]
[Round "03"]
[TimeControl "180+1"]
[Date "2022.10.19"]
[WhiteClock "0:00:21"]
[BlackClock "0:00:03"]

1. e4 c5 2. Nf3 a6 3. d4 cxd4 4. Nxd4 Nf6 5. Bd3 e5 6. Nb3 Nc6 7. O-O d6 8. c4 Be7 9. Nc3 O-O 10. h3 Be6 11. Be3 Rc8 12. Nd5 Nd7 13. Qe2 Bg5 14. Rad1 f5 15. exf5 Bxf5 16. Bxg5 Qxg5 17. f4 exf4 18. Bxf5 Qxf5 19. Rxf4 Qe5 20. Re4 Qg3 21. Rd3 Qg5 22. Rg4 Qe5 23. Re3 Qf5 24. Re7 Qb1+ 25. Kh2 Rf7 26. Rxf7 Kxf7 27. Nd4 Nxd4 28. Qe7+ 1-0


[Site "https://www.chess.com"]

[Event "Titled Tuesday Blitz October 18 Late 2022"]
[White "Daeschler, Florian"]
[Black "Antonova, Nadezhda"]
[WhiteFideId "20678193"]
[BlackFideId "14700182"]
[WhiteElo "2187"]
[BlackElo "1788"]
[Result "1-0"]
[Round "03"]
[TimeControl "180+1"]
[Date "2022.10.19"]
[WhiteClock "0:02:47"]
[BlackClock "0:02:33"]

1. e4 c5 2. Nc3 Nc6 3. Bb5 Nd4 4. Nf3 Nxb5 5. Nxb5 a6 6. Nc3 d6 7. d4 cxd4 8. Qxd4 Nf6 9. Bg5 e6 10. O-O-O Be7 11. Kb1 O-O 12. e5 d5 13. exf6 gxf6 14. Bh6 Re8 15. Qg4+ 1-0


[Site "https://www.chess.com"]

[Event "Titled Tuesday Blitz October 18 Late 2022"]
[White "Dardha, Daniel"]
[Black "Eljanov, Pavel"]
[WhiteFideId "240990"]
[BlackFideId "14102951"]
[WhiteElo "2528"]
[BlackElo "2601"]
[Result "0-1"]
[Round "03"]
[TimeControl "180+1"]
[Date "2022.10.18"]
[WhiteClock "0:00:03"]
[BlackClock "0:00:08"]

1. e4 e5 2. Nf3 Nc6 3. Bc4 Bc5 4. c3 Nf6 5. d4 exd4 6. e5 d5 7. Be2 Ne4 8. cxd4 Bb6 9. O-O O-O 10. Nc3 Nxc3 11. bxc3 f6 12. exf6 Qxf6 13. h3 h6 14. Be3 Bf5 15. Re1 Kh8 16. Nh2 Rae8 17. Ng4 Qg6 18. Bf3 Be4 19. Bxe4 Rxe4 20. f3 Re6 21. Bf2 Rfe8 22. Rxe6 Rxe6 23. Qb3 Qf7 24. Rf1 Re8 25. Ne3 Rd8 26. Re1 Na5 27. Qc2 c6 28. Qf5 Kg8 29. Qg4 Re8 30. Nf5 Rxe1+ 31. Bxe1 Kh7 32. Bg3 Nc4 33. Kh2 Bc7 34. h4 Ba5 35. Be1 g6 36. Ng3 Bc7 37. Kg1 h5 38. Qc8 Nd6 39. Qa8 Qe7 40. Bd2 Nc4 41. Bg5 Qe1+ 42. Nf1 Qxc3 43. Qxb7 Qxd4+ 44. Kh1 Qb6 45. Qc8 Ne5 46. Qf8 Qb8 47. Qh6+ Kg8 48. f4 Qb5 49. Ng3 Qb1+ 50. Kh2 Ng4+ 51. Kh3 Nxh6 0-1


[Site "https://www.chess.com"]